 Dungeon Crawl Stone Soup version 0.18-a0-1774-gce1f7b6 (webtiles) character file.

702 Chiseanne the Skirmisher (level 7, -3/56 HPs)
             Began as a Demonspawn Monk on Apr 15, 2016.
             Was an Initiate of Gozag.
             Slain by an unseen horror (8 damage)
             ... on level 5 of the Dungeon.
             The game lasted 00:12:00 (3937 turns).

Chiseanne the Skirmisher (Demonspawn Monk)          Turns: 3937, Time: 00:12:01

Health: -3/56      AC:  8    Str: 11    XL:     7   Next: 38%
Magic:  7/7        EV: 13    Int: 11    God:    Gozag
Gold:   447        SH:  0    Dex: 18    Spells: 0 memorised, 6 levels left

rFire  + . .     SeeInvis .     a - +1 short sword (venom)
rCold  . . .     Gourm    .     r - +0 ring mail
rNeg   . . .     Faith    .     (no shield)
rPois  +         Spirit   .     c - +0 helmet
rElec  .         Dismiss  .     w - +0 cloak {rPois}
rCorr  .         Reflect  .     (no gloves)
SustAt .         Harm     .     (no boots)
MR     .....                    (no amulet)
Stlth  +++.......               (no ring)
                                h - ring of poison resistance

@: not resistant to hostile enchantments, fairly stealthy
A: hooves 2, rugged brown scales 1, fire resistance 1, nightstalker 1
a: Potion Petition, Call Merchant, Bribe Branch, Renounce Religion


You were on level 5 of the Dungeon.
You worshipped Gozag.
Gozag was noncommittal.
You were not hungry.

You visited 1 branch of the dungeon, and saw 5 of its levels.

You collected 447 gold pieces.

Inventory:

Hand Weapons
 a - a +1 short sword of venom (weapon)
 e - a +1 hand crossbow of flaming
 s - a +2 quarterstaff of chaos
Missiles
 d - 98 arrows
 g - 21 sling bullets
 o - 17 poisoned needles
 q - 18 bolts
 v - 6 curare-tipped needles
Armour
 c - a +0 helmet (worn)
 r - a +0 ring mail (worn)
 w - a +0 cloak of poison resistance (worn)
Magical Staves
 m - an uncursed staff of wizardry
Jewellery
 h - a ring of poison resistance (left hand)
Scrolls
 n - 3 scrolls of remove curse
Potions
 i - 2 potions of heal wounds {unknown}
 j - 6 potions of curing
 p - a potion of flight {unknown}
 t - a potion of ambrosia {unknown}
 u - a potion of invisibility {unknown}
Comestibles
 b - 3 bread rations
 k - a meat ration


   Skills:
 * Level 4.9 Fighting
 * Level 2.7 Armour
 * Level 4.8 Dodging
 * Level 4.6 Stealth
 - Level 3.6 Unarmed Combat


You had 6 spell levels left.
You didn't know any spells.

Dungeon Overview and Level Annotations

Branches:
Dungeon (5/15)
 Temple: D:4-7

Altars:
Gozag


Innate Abilities, Weirdness & Mutations

You have hoof-like feet.
You are partially covered in rugged brown scales (AC +1, +3% HP).
Your flesh is heat resistant.
You are slightly more attuned to the shadows.


Message History

Something barely misses you.
An adder and a crimson imp come into view.
Something hits you.
Found a hunting sling.
You see here 4 gold pieces.
You now have 447 gold pieces (gained 4).
Something hits you. Something hits you. Something hits you!
* * * LOW HITPOINT WARNING * * *
Something hits you.
* * * LOW HITPOINT WARNING * * *
Something hits you!
* * * LOW HITPOINT WARNING * * *
Drink which item? (? for menu, Esc to quit)
You feel better. Something hits you.
* * * LOW HITPOINT WARNING * * *
Something hits you!
You die...
Your body crumbles into a pile of gold.

#....!...)..##
#.......#...
#.........###
#...........
#........#
##........#
...........#
...........#
......#.#@#...%..
......#.#.###..##
####.#.#.# ..#
#.....# #..#
#.....# #..# $
#..>..# #..#
#.....# #..#
#.....###..#
#..........#


There were no monsters in sight!

Vanquished Creatures
  Grinder (D:3)
  A phantom (D:4)
  A giant frog skeleton (D:4)
  Crazy Yiuf (D:4)
  A hound (D:5)
  Jessica (D:2)
  3 orc wizards
  3 worker ants (D:4)
  6 adders
  5 oozes
  3 worms
  4 dart slugs
  2 giant geckos
  11 orcs
  A giant cockroach (D:1)
  4 hobgoblins
  7 kobolds
  3 quokkas
  A ball python skeleton (D:4)
  6 bats
  3 giant newts
  7 goblins
  7 rats
82 creatures vanquished.

Notes
Turn   | Place    | Note
--------------------------------------------------------------
     0 | D:1      | Chiseanne the Demonspawn Monk began the quest for the Orb.
     0 | D:1      | Reached XP level 1. HP: 18/18 MP: 1/1
   389 | D:1      | Gained mutation: You are slightly more attuned to the shadows. [demonic ancestry]
   389 | D:1      | Reached XP level 2. HP: 24/24 MP: 2/2
   995 | D:2      | Gained mutation: You have large cloven feet. [demonic ancestry]
   995 | D:2      | Reached XP level 3. HP: 25/29 MP: 3/3
  1015 | D:2      | Noticed Jessica
  1024 | D:2      | Killed Jessica
  1159 | D:2      | Gained mutation: Your flesh is heat resistant. [demonic ancestry]
  1159 | D:2      | Reached XP level 4. HP: 23/36 MP: 4/4
  1580 | D:3      | Reached skill level 1 in Armour
  1717 | D:3      | Gained mutation: You are partially covered in rugged brown scales (AC +1, +3% HP). [demonic ancestry]
  1717 | D:3      | Reached XP level 5. HP: 29/43 MP: 5/5
  1734 | D:3      | Noticed Grinder
  1737 | D:3      | Paralysed by Grinder for 2 turns
  1987 | D:3      | Found an opulent altar of Gozag.
  2017 | D:3      | Became a worshipper of Gozag Ym Sagoz the Greedy
  2180 | D:3      | Found an opulent altar of Gozag.
  2417 | D:3      | Killed Grinder
  2417 | D:3      | Gained mutation: You have hoof-like feet. [demonic ancestry]
  2417 | D:3      | Reached XP level 6. HP: 18/50 MP: 6/6
  3250 | D:4      | Reached XP level 7. HP: 56/56 MP: 7/7
  3556 | D:4      | Noticed Crazy Yiuf
  3564 | D:4      | Killed Crazy Yiuf
  3731 | D:5      | Entered Level 5 of the Dungeon
  3937 | D:5      | Slain by an unseen horror

Vault maps used:
D:1:      matt_arrival_grand_opening, corexii_leaking_fountain
D:2:      uniq_jessica
D:3:      overflow_temple_1_default,
          nicolae_gozag_cash_rules_everything_around_me, uniq_grinder
D:4:      uniq_crazy_yiuf_cottage
D:5:      first_bread, uniq_sigmund, uniq_edmund

Skill      XL: |  1  2  3  4  5  6 |
---------------+-------------------+-----
Dodging        | 3 4 |  4.8
Stealth        | 2 3 4 |  4.6
Armour         | 1 2 |  2.7
Fighting       | 4 |  4.9
Unarmed Combat | |  3.6

Action                   |  1- 3 |  4- 6 |  7- 9 || total
-------------------------+-------+-------+-------++-------
Melee: Unarmed           |    35 |       |       ||    35
       Short sword       |    32 |   149 |    52 ||   233
       Punch             |     2 |     2 |     1 ||     5
       Kick              |     4 |    52 |    18 ||    74
  Use: Scroll            |     6 |     5 |     1 ||    12
       Potion            |       |     1 |     2 ||     3
 Stab: Sleeping          |     8 |     8 |     4 ||    20
       Distracted        |     1 |     2 |       ||     3
  Eat: Chunk             |     1 |     3 |       ||     4
       Bread ration      |       |     1 |       ||     1
       Royal jelly       |       |       |     1 ||     1
       Beef jerky        |       |       |     1 ||     1
Armor: Robe              |     3 |       |       ||     3
       Leather armour    |     3 |    12 |       ||    15
       Ring mail         |       |    18 |    23 ||    41
Dodge: Dodged            |    33 |    86 |    29 ||   148
